 Dungeon Crawl Stone Soup version 0.24-a0-139-geb6712d (webtiles) character file.

Game seed: 14730067856649368700

3315 CanOfBees the Skirmisher (level 9, -4/71 (72) HPs)
             Began as a Demonspawn Gladiator on Mar 2, 2019.
             Was a Believer of Qazlal.
             Slain by an orc warrior
             ... wielding a +0 trident
              (12 damage)
             ... on level 8 of the Dungeon.
             The game lasted 00:17:39 (10643 turns).

CanOfBees the Skirmisher (Demonspawn Gladiator)    Turns: 10643, Time: 00:17:39

HP:   -4/71 (72)    AC: 11    Str: 18    XL:     9   Next: 71%
MP:   0/13          EV:  7    Int: 10    God:    Qazlal [**....]
Gold: 434           SH:  2    Dex: 14    Spells: 8/8 levels left

rFire    . . .     SeeInvis .   a - +0 war axe
rCold    . . .     Gourm    .   (no shield)
rNeg     . . .     Faith    .   I - +0 plate armour
rPois    .         Spirit   +   c - +0 helmet
rElec    .         Reflect  .   (no cloak)
rCorr    .         Harm     .   h - +0 pair of gloves
MR       .....                  (no boots)
Stlth    ..........             (no amulet)
HPRegen  0.00/turn              (no ring)
MPRegen  0.26/turn              (no ring)

@: corroded, non-regenerating, diseased, hasted, very quick
A: talons 1, icy blue scales 1, nightstalker 1, evolution 1, magic shield, magic
regeneration, no potion heal 1
a: Upheaval, Renounce Religion


You were on level 8 of the Dungeon.
You worshipped Qazlal.
Qazlal was pleased with you.
You were not hungry.

You visited 2 branches of the dungeon, and saw 9 of its levels.

You collected 434 gold pieces.

Inventory:

Hand Weapons
 a - a +0 war axe (weapon)
 d - a +3 morningstar of venom
 u - a +0 blowgun
 x - a +2 hand axe of chopping
 y - a +0 hunting sling
 B - a +1 short sword of speed
Missiles
 g - 244 stones (quivered)
 k - 34 poisoned needles
 l - 73 arrows
 s - 65 bolts
 C - 4 tomahawks
Armour
 c - a +0 helmet (worn)
 h - a +0 pair of gloves (worn)
 w - a +0 chain mail
 I - a +0 plate armour (worn)
Jewellery
 F - an uncursed ring of stealth
Scrolls
 b - 2 scrolls of amnesia
 i - 7 scrolls of remove curse
 m - 2 scrolls of magic mapping
 n - a scroll of identify
 p - a scroll of fog {unknown}
 q - 2 scrolls of blinking
 t - 2 scrolls of immolation
 v - a scroll of enchant weapon
 z - a scroll of enchant armour {unknown}
 J - a scroll of noise {unknown}
Potions
 e - 2 potions of lignification
 j - 2 potions of brilliance
 o - a potion of agility
 r - a potion of cancellation
 A - a potion of ambrosia {unknown}
 D - 4 potions of curing
 E - a potion of resistance
 G - a potion of flight {unknown}
Comestibles
 f - 11 rations
 K - 2 chunks of flesh


   Skills:
 + Level 7.5 Fighting
 + Level 7.2 Axes
 + Level 5.2 Throwing
 - Level 3.0 Armour
 + Level 4.4 Dodging
 + Level 6.6 Invocations


You had 8 spell levels left.
You didn't know any spells.
Your spell library contained the following spells:

 Spells                   Type           Power        Failure   Level  Hunger
 Beastly Appendage        Tmut           #.....       100%        1    ##.....
 Shock                    Conj/Air       #...         100%        1    ##.....
 Sticks to Snakes         Tmut           #.......     100%        2    ###....
 Swiftness                Chrm/Air       #.......     100%        2    ###....
 Spider Form              Tmut/Pois      #.........   100%        3    ####...
 Static Discharge         Conj/Air       #.......     100%        3    ####...
 Airstrike                Air            #.........   100%        4    #####..
 Ice Form                 Ice/Tmut       #.......     100%        4    #####..
 Blade Hands              Tmut           #.........   100%        5    ######.
 Lightning Bolt           Conj/Air       #.........   100%        5    ######.


Dungeon Overview and Level Annotations

Branches:
Dungeon (8/15)             Temple (1/1) D:5            Lair (0/6) D:8

Altars:
Ashenzari
Cheibriados
Dithmenos
Elyvilon
Fedhas
Gozag
Hepliaklqana
Kikubaaqudgha
Makhleb
Nemelex Xobeh
Okawaru
Qazlal
Sif Muna
Trog
Uskayaw
Vehumet
Wu Jian
Xom
Yredelemnul
Zin
The Shining One

Annotations:
D:4 3 runed translucent doors, CanOfBees's ghost, amateur DsGl


Innate Abilities, Weirdness & Mutations

You have sharp toenails.
You are partially covered in icy blue scales. (AC +2)
You are slightly more attuned to the shadows.
When hurt, damage is shared between your health and your magic reserves.
You regenerate magic rapidly.
You evolve.
Potions are less effective at restoring your health.


Message History

You claw the orc warrior, but do no damage.
The orc warrior is moderately wounded.
You hit the orc. The orc hits you with a +0 flail.
The orc wizard casts a spell.
The orc wizard blinks!
The orc warrior barely misses you.
You barely miss the orc warrior.
The orc warrior is moderately wounded.
You closely miss the orc. The orc hits you with a +0 flail.
The orc warrior hits you with a +0 trident!
* * * LOW HITPOINT WARNING * * *
You barely miss the orc warrior.
You claw the orc warrior, but do no damage.
The orc warrior is moderately wounded.
You closely miss the orc. The orc hits you with a +0 flail!
* * * LOW HITPOINT WARNING * * *
The orc warrior hits you but does no damage.
You feel yourself speed up. The orc hits you with a +0 flail.
* * * LOW HITPOINT WARNING * * *
The orc warrior hits you with a +0 trident!
You die...

.....(.....#
......(...#
..............###
###
......#.......##
#..## .....
####.##..####....#
....# ##
#..##......# #...
##.........# #..#
#.o.......# #..#
##o@°.)...# #.##
#........# ..#
##.......# .##
#.......# .#
##.÷...## ##
#.....# # #.....#
##....# #..###


You could see an orc warrior and an orc.

Vanquished Creatures
  Sigmund (D:2)
  Menkaure (D:6)
  Duvessa (D:4)
  2 orc warriors
  2 phantoms
  2 ice beasts (D:6)
  A black bear (D:6)
  A necrophage (D:8)
  An ogre (D:5)
  A big kobold (D:8)
  3 bullfrogs
  Dowan (D:4)
  3 scorpions
  6 killer bees
  3 howler monkeys
  5 crimson imps
  2 jellies
  4 orc priests
  3 hounds
  10 orc wizards
  2 bullfrog skeletons
  2 iguanas
  5 worker ants
  A killer bee zombie (D:8)
  A worker ant zombie (D:5)
  3 gnolls (D:3)
  13 adders
  A shadow imp (D:6)
  An adder zombie (D:5)
  3 dart slugs
  2 worms
  3 leopard geckos
  22 orcs
  5 giant cockroaches
  13 goblins
  10 hobgoblins
  7 jackals
  2 quokkas (D:3)
  3 ball pythons
  8 bats
  5 frilled lizards
  A goblin skeleton (D:3)
  14 kobolds
  A leopard gecko skeleton (D:4)
  A leopard gecko zombie (D:6)
  A quokka skeleton (D:8)
  A quokka zombie (D:5)
  5 rats
189 creatures vanquished.

Vanquished Creatures (others)
  A bat (D:3)
1 creature vanquished.

Grand Total: 190 creatures vanquished

Notes
Turn   | Place    | Note
-------+----------+-------------------------------------------
     0 | D:1      | CanOfBees the Demonspawn Gladiator began the quest for the
                  | Orb.
     0 | D:1      | Reached XP level 1. HP: 16/16 MP: 1/1
   204 | D:1      | Gained mutation: You are slightly more attuned to the
                  | shadows. [demonic ancestry]
   204 | D:1      | Reached XP level 2. HP: 15/22 MP: 2/2
   948 | D:1      | Gained mutation: You have sharp toenails. [demonic
                  | ancestry]
   948 | D:1      | Reached XP level 3. HP: 13/28 MP: 3/3
  1850 | D:2      | Reached XP level 4. HP: 24/34 MP: 4/4
  2031 | D:2      | Noticed Sigmund
  2388 | D:2      | Killed Sigmund
  2388 | D:2      | Reached skill level 1 in Armour
  2388 | D:2      | Gained mutation: When hurt, damage is shared between your
                  | health and your magic reserves. [demonic ancestry]
  2388 | D:2      | Reached XP level 5. HP: 31/41 MP: 5/5
  2648 | D:3      | Reached XP level 6. HP: 35/47 MP: 3/6
  3248 | D:3      | Found a faded altar of an unknown god.
  3375 | D:3      | Noticed a human
  3376 | D:3      | Found a runed translucent door.
  3445 | D:3      | Found a basalt altar of Yredelemnul.
  4188 | D:4      | Noticed Duvessa
  4188 | D:4      | Noticed Dowan
  4479 | D:4      | Gained mutation: You are partially covered in icy blue
                  | scales. (AC +2) [demonic ancestry]
  4479 | D:4      | Reached XP level 7. HP: 39/54 MP: 4/7
  5436 | D:4      | Killed Duvessa
  5442 | D:4      | Killed Dowan
  5696 | D:4      | Found a runed translucent gate.
  5696 | D:4      | Found a runed translucent gate.
  5696 | D:4      | Found a runed translucent gate.
  5696 | D:4      | Noticed CanOfBees's ghost (amateur DsGl)
  5697 | D:4      | Identified the cursed +0 whip of the Sea {venom, MR+ SInv}
  5808 | D:5      | Entered Level 5 of the Dungeon
  5863 | D:5      | Reached skill level 5 in Fighting
  5863 | D:5      | Reached skill level 5 in Axes
  6038 | D:5      | Gained mutation: You regenerate magic rapidly. [demonic
                  | ancestry]
  6038 | D:5      | Reached XP level 8. HP: 55/62 MP: 6/8
  6040 | D:5      | Found a staircase to the Ecumenical Temple.
  6052 | Temple   | Entered the Ecumenical Temple
  6229 | Temple   | Became a worshipper of Qazlal Stormbringer
  6460 | D:5      | Reached skill level 5 in Throwing
  6514 | D:5      | Reached skill level 1 in Invocations
  6927 | D:6      | Noticed Menkaure
  6933 | D:6      | Killed Menkaure
  7932 | D:6      | Reached * piety under Qazlal
  8065 | D:7      | Reached XP level 9. HP: 71/71 MP: 10/12
  8119 | D:7      | Found a shattered altar of Ashenzari.
  8158 | D:7      | Reached skill level 5 in Invocations
  8996 | D:7      | Found a snail-covered altar of Cheibriados.
  8996 | D:7      | Found an ancient bone altar of Kikubaaqudgha.
  9017 | D:7      | Found a shimmering altar of Xom.
  9024 | D:7      | Found a white marble altar of Elyvilon.
  9539 | D:7      | Gained mutation: Scrolls take you a little longer to read.
                  | [potion of mutation]
  9539 | D:7      | Gained mutation: You are resistant to hostile enchantments.
                  | (MR+) [potion of mutation]
  9539 | D:7      | Gained mutation: Your mind is acute. (Int +2) [potion of
                  | mutation]
  9540 | D:7      | Lost mutation: Your mind is acute. (Int +2) [potion of
                  | mutation]
  9540 | D:7      | Lost mutation: Scrolls take you a little longer to read.
                  | [potion of mutation]
  9540 | D:7      | Lost mutation: You are resistant to hostile enchantments.
                  | (MR+) [potion of mutation]
  9540 | D:7      | Gained mutation: Potions are less effective at restoring
                  | your health. [potion of mutation]
  9540 | D:7      | Gained mutation: Scrolls take you a little longer to read.
                  | [potion of mutation]
  9540 | D:7      | Gained mutation: You evolve. [potion of mutation]
  9540 | D:7      | Lost mutation: Scrolls take you a little longer to read.
                  | [potion of mutation]
  9716 | D:8      | Found a staircase to the Lair.
  9804 | D:8      | Reached ** piety under Qazlal
 10117 | D:8      | Found a burning altar of Makhleb.
 10643 | D:8      | Slain by an orc warrior

Levels and vault maps discovered:
D:1:      dpeg_arrival_chambers_temple_mockup, layout_basic
D:2:      layout_basic, uniq_sigmund
D:3:      layout_basic, chequers_ecumenical_altar_simple_redux,
          chequers_serial_rivers_micro_c, dk_yredelemnul_ordeal
D:4:      layout_rooms, first_ration, gammafunk_ghost_nasty_kobolds,
          grunt_ministairs_7, uniq_duvessa
D:5:      layout_loops_cross, minmay_temple_entry_statues_pillars
D:6:      layout_basic, uniq_menkaure
D:7:      layout_cave_pools, grunt_temple_overflow_cloverleaf, basic_altar
D:8:      layout_cave_pods, lightli_temple_of_fire, lair_entry_dummy
Temple:   nicolae_temple_elliptical

Skill      XL: |  1  2  3  4  5  6  7  8  9 |
---------------+----------------------------+-----
Throwing       | 2 3 4 5 |  5.2
Dodging        | 3 4 |  4.4
Axes           | 3 4 5 6 7 |  7.2
Fighting       | 3 4 5 6 7 |  7.5
Armour         | 1 2 3 |  3.0
Invocations    | 4 6 |  6.6

Action                   |  1- 3 |  4- 6 |  7- 9 || total
-------------------------+-------+-------+-------++-------
Melee: War axe           |   104 |    98 |    66 ||   268
       Kick              |     6 |    31 |   117 ||   154
       Hand axe          |       |    39 |   326 ||   365
 Fire: Hunting sling     |       |     4 |       ||     4
Throw: Stone             |     3 |     8 |    14 ||    25
       Throwing net      |       |     3 |     5 ||     8
  Use: Scroll            |     4 |     7 |     8 ||    19
       Potion            |       |     1 |     8 ||     9
 Stab: Sleeping          |     2 |       |       ||     2
       Invisible         |       |     1 |       ||     1
       Held in net/web   |       |       |     1 ||     1
  Eat: Chunk             |     3 |     8 |    20 ||    31
Armor: Leather armour    |    24 |       |       ||    24
       Scale mail        |     8 |    39 |       ||    47
       Chain mail        |       |    39 |   106 ||   145
       Plate armour      |       |       |   164 ||   164
Dodge: Dodged            |    91 |    71 |   169 ||   331
Block: Other             |       |       |    12 ||    12

Table legend:
 A = Non-vault XP
 B = Vault XP
 C = Vault XP percentage of total XP
 D = Non-vault monster count
 E = Vault monster count
 F = Vault count percentage of total count
                 A         B        C        D         E       F
            +---------+---------+-------+---------+---------+-------
      Total |    4100 |     637 |  13.4 |     183 |       6 |   3.2
            +---------+---------+-------+---------+---------+-------
        D:1 |      51 |       0 |   0.0 |      29 |       0 |   0.0
        D:2 |      70 |     231 |  76.7 |      19 |       1 |   5.0
        D:3 |     258 |      14 |   5.1 |      38 |       2 |   5.0
        D:4 |     370 |     220 |  37.3 |      15 |       2 |  11.8
        D:5 |     566 |       0 |   0.0 |      20 |       0 |   0.0
        D:6 |     780 |     172 |  18.1 |      18 |       1 |   5.3
        D:7 |    1248 |       0 |   0.0 |      26 |       0 |   0.0
        D:8 |     757 |       0 |   0.0 |      18 |       0 |   0.0
            +---------+---------+-------+---------+---------+-------
